[Event "Live Chess"]
[Site "Chess.com"]
[Date "2023.05.20"]
[Round "-"]
[White "LiamClery2020"]
[Black "mattlirious"]
[Result "1/2-1/2"]
[WhiteElo "2090"]
[BlackElo "1325"]
[TimeControl "300"]
[EndTime "11:45:43 PDT"]
[Termination "Game drawn - timeout vs insufficient material"]

1. e4 c6 2. c4 d5 3. cxd5 cxd5 4. exd5 Qxd5 5. Nc3 Qd8 6. d4 Nf6 7. Bc4 b6 8. Nf3 Bb7 9. Ne5 e6 10. Bb5+ Nbd7 11.
Qa4 Bc8 12. Bg5 Be7 13. Bxf6 gxf6 14. Nxd7 Bxd7 15. Bc6 Rc8 16. Bxd7+ Qxd7 17. Qxd7+ Kxd7 18. O-O Rhg8 19. Rac1 Bd6 20. g3 h5 21. Ne4 Rxc1 22. Nxf6+ Kd8 23. Rxc1 Rg6 24. Ne4 Be7 25. Kf1 h4 26. Ke2 hxg3 27. fxg3 Rg4 28. Kf3 f5 29. Nc3 Rxd4 30. Re1 Kd7 31. h4 Rd3+ 32. Re3 Rxe3+ 33. Kxe3 a6 34. Ne2 e5 35. Nc3 f4+ 36. gxf4 exf4+ 37. Kxf4 Bxh4 38. Nd5 Bd8 39. Ke4 Kd6 40. Kd4 b5 41. b3 a5 42. a3 Kc6 43. b4 a4 44.
Ke4 Bg5 45. Kd4 Bc1 46. Ne7+ Kb6 47. Nd5+ Kc6 48. Ne7+ Kb7 49. Nd5 Bxa3 50. Kc3 Bc1 51. Kc2 Bh6 52. Kb2 Bf8 53. Ka3 Kc6 54. Ne3 Kd7 55.
Nd5 Kc6 56. Nf6 Bxb4+ 57. Kxb4 Kb6 58. Nd5+ Kc6 59. Nc3 Kb6 60. Na2 a3 61. Nc1 Ka6 62. Kxa3 Ka5 63. Kb3 b4 64. Na2 Kb5 65. Nc1 1/2-1/2

[Event "Live Chess"]
[Site "Chess.com"]
[Date "2023.05.20"]
[Round "-"]
[White "boilerboy1"]
[Black "ranvir123"]
[Result "0-1"]
[WhiteElo "1064"]
[BlackElo "914"]
[TimeControl "300"]
[EndTime "11:45:45 PDT"]
[Termination "ranvir123 won on time"]

1. e4 e5 2. Nc3 Nc6 3. Nf3 Nf6 4.
Be2 d5 5. exd5 Nxd5 6. Nxd5 Qxd5 7. O-O Bg4 8. Re1 O-O-O 9. d3 Nd4 10. Nxd4 Bxe2 11.
Nxe2 e4 12. Ng3 exd3 13. Qg4+ Qd7 14. Qxd7+ Rxd7 15. cxd3 Bd6 16. d4 Bxg3 17. hxg3 Rxd4 18. Be3 Re4 19. Bxa7 Rxe1+ 20. Rxe1 Rd8 21. Bc5 Rd2 22. b4 Rxa2 23. Re8+ Kd7 24. Re7+ Kc6 25. Rxf7 Ra4 26. Rxg7 b6 27. Be3 Rxb4 28. Rxh7 Rb1+ 29. Kh2 b5 30. Bf4 b4 31. Rxc7+ Kd5 32. Rd7+ Ke4 33. Be3 b3 34. Rd4+ Ke5 35. g4 b2 36. g5 Rh1+ 37. Kxh1 b1=Q+ 38. Kh2 Qh7+ 39. Kg3 Qg6 40. Ra4 Kf5 41. Ra5+ Ke4 42. Ra4+ Ke5 43. f4+ Kf5 44. Ra5+ Ke4 45. Bf2 Qd6 46.
Re5+ Kd3 47. Rf5 Qa3 48. Re5 Kd2+ 49. Re3 Qa8 50. g6 Qg8 51. f5 Qf8 52. Rf3 Ke2 53.
Rf4 Qd6 54. g7 Qd8 55. f6 Qb8 56. f7 Qb3+ 57. Rf3 Qb8+ 58. Rf4 Qb3+ 0-1

[Event "Live Chess"]
[Site "Chess.com"]
[Date "2023.05.20"]
[Round "-"]
[White "Vladyslav2008"]
[Black "siddu198"]
[Result "1-0"]
[WhiteElo "2164"]
[BlackElo "1625"]
[TimeControl "300"]
[EndTime "11:45:45 PDT"]
[Termination "Vladyslav2008 won by resignation"]

1. e4 g6 2. h4 e5 3. h5 d6 4. d4 exd4 5. Qxd4 Qf6 6. Be3 Nc6 7. Qxf6 Nxf6 8. hxg6 fxg6 9. Nc3 Bg7 10. O-O-O Bg4 11. f3 Bd7 12. Kb1 O-O-O 13. Nge2 a6 14. Nc1 Ne5 15. Nb3 Be6 16. Nd5 Bxd5 17. exd5 Ned7 18. c4 Rde8 19. Bf2 Ne5 20. c5 dxc5 21. Nxc5 Ned7 22. Nb3 Nb6 23. d6 Nfd7 24. dxc7 Kxc7 25. Bd3 Na4 26.
Bg3+ Kd8 27. Rd2 Re7 28. Rhd1 Ke8 29. Bh4 Bf6 30. Bxf6 Nxf6 31. Bb5+ axb5 32. Rd8+ Kf7 33. Rxh8 Nb6 34. Nd4 Rd7 35. Rb8 Nc4 36. Kc1 Ne3 37.
Rd2 Nxg2 38. Rxg2 Rxd4 39. Rxb7+ Ke6 40. Rxb5 Nd5 41. Re2+ Kf5 42. Rd2 Rc4+ 43. Kd1 1-0

[Event "Live Chess"]
[Site "Chess.com"]
[Date "2023.05.20"]
[Round "-"]
[White "Ayursworld"]
[Black "seabuck"]
[Result "0-1"]
[WhiteElo "1343"]
[BlackElo "1857"]
[TimeControl "300"]
[EndTime "11:45:57 PDT"]
[Termination "seabuck won by resignation"]

1. e4 c6 2. Nf3 d5 3. exd5 cxd5 4. d4 Nc6 5. Bb5 Nf6 6. Bxc6+ bxc6 7. Nc3 e6 8. Bg5 h6 9. Bxf6 Qxf6 10. O-O Bd6 11. h3 O-O 12. Qd3 a5 13. Qd2 c5 14. dxc5 Bxc5 15. Rfe1 Bb7 16. Rab1 Rac8 17. Nd1 d4 18. Qxa5 Bxf3 19. gxf3 Qxf3 20. c3 Qxh3 21. cxd4 Bxd4 22.
Qd2 Rfd8 23. Qb4 Qg4+ 24. Kf1 Qh3+ 25. Ke2 Rc2+ 26. Qd2 Rxd2+ 27. Kxd2 Bxf2+ 28. Ke2 Bxe1 29. Kxe1 Qh1+ 30. Ke2 f5 31. Nf2 Qxb1 32. Kf3 0-1

[Event "Live Chess"]
[Site "Chess.com"]
[Date "2023.05.20"]
[Round "-"]
[White "ViktorTheCoolBoy"]
[Black "Chesscoach_Golichenko"]
[Result "0-1"]
[WhiteElo "2537"]
[BlackElo "2660"]
[TimeControl "300"]
[EndTime "11:46:00 PDT"]
[Termination "Chesscoach_Golichenko won by checkmate"]

1. d4 Nf6 2. c4 e6 3. g3 d5 4. Bg2 a6 5. Nf3 dxc4 6. O-O Nc6 7. e3 Rb8 8. Qe2 b5 9. b3 cxb3 10. axb3 Bb7 11. Nc3 Be7 12. Bb2 O-O 13. e4 Nxd4 14. Nxd4 Qxd4 15. Nd5 Qc5 16. b4 Qd6 17. e5 Qxd5 18.
Bxd5 Nxd5 19. Rfc1 Bxb4 20. Bd4 Rfc8 21. Bc5 Bc3 22.
Ra2 b4 23. h4 Ra8 24. Qc4 a5 25. Be3 c5 26. Bg5 h6 27. Bd2 Ba6 28. Qg4 Bxd2 29. Rxd2 c4 30. Rxd5 exd5 31. e6 fxe6 32. Qxe6+ Kh8 33.
Qxd5 b3 34. Re1 b2 35. g4 Rab8 36. g5 b1=Q 37. Rxb1 Rxb1+ 38. Kh2 Rb6 39. Qxa5 Rcb8 40. Qe5 Rc8 41. Qd4 Rbc6 42. Qc3 Kg8 43. Kg3 Rd6 44. Qe5 Rdc6 45. Qc3 hxg5 46. hxg5 g6 47.
f3 Bb7 48. Qb4 c3 49. Qxb7 c2 50. Qb3+ Kh7 51. Qf7+ Kh8 52. Qd7 c1=Q 53. Qh3+ Kg8 54. Qd7 Qg1+ 55. Kh3 Qxg5 56. Qd4 Rc1 57. Kh2 R8c2+ 58.
Kh3 Rh1# 0-1

[Event "Live Chess"]
[Site "Chess.com"]
[Date "2023.05.20"]
[Round "-"]
[White "Ocelot32"]
[Black "mightysmasher"]
[Result "0-1"]
[WhiteElo "1398"]
[BlackElo "2131"]
[TimeControl "300"]
[EndTime "11:46:00 PDT"]
[Termination "mightysmasher won by resignation"]

1. e4 e6 2. Nf3 d5 3. exd5 exd5 4. d4 Nf6 5. h3 Bd6 6. Bd3 O-O 7. O-O Ne4 8. c4 c6 9. cxd5 cxd5 10. Nc3 Bf5 11. Bc2 Nc6 12. Nxe4 dxe4 13. Ne5 Nxe5 14. dxe5 Bxe5 15.
Qh5 g6 16. Qg5 Qc7 17. Be3 Qxc2 18. Rac1 Qxb2 19. Rc5 Bf6 20. Qg3 Be6 21. Bh6 Bg7 22. Bxg7 Qxg7 23. Rc7 Rac8 24. Rxb7 Qd4 25. Rfb1 Rc2 26.
R7b4 Rc1+ 27. Kh2 Qd1 28. Qb3 Bxb3 0-1

[Event "Live Chess"]
[Site "Chess.com"]
[Date "2023.05.20"]
[Round "-"]
[White "Yehor20132013"]
[Black "Albul"]
[Result "0-1"]
[WhiteElo "483"]
[BlackElo "2162"]
[TimeControl "300"]
[EndTime "11:46:00 PDT"]
[Termination "Albul won by resignation"]

1. e4 d5 2. Qf3 dxe4 3. Qxe4 Nf6 4.
Qa4+ Bd7 5. Qb4 Bc6 6. Bb5 Qd7 7.
c4 e5 8. Nf3 Bxb4 9. Nd4 Qxd4 10. Bxc6+ Nxc6 11. O-O 0-1

[Event "Live Chess"]
[Site "Chess.com"]
[Date "2023.05.20"]
[Round "-"]
[White "ClassyChameleon"]
[Black "Ferrarifan27"]
[Result "0-1"]
[WhiteElo "1065"]
[BlackElo "2104"]
[TimeControl "300"]
[EndTime "11:46:02 PDT"]
[Termination "Ferrarifan27 won by resignation"]

1. e4 e5 2. Nf3 Nc6 3. c3 d5 4. d4 dxe4 5. Nxe5 Nxe5 6. dxe5 Qxd1+ 7. Kxd1 Bg4+ 8. Be2 O-O-O+ 9. Bd2 Bf5 10. g4 Bg6 11. h4 h6 12. h5 Bh7 13. Rh3 Bc5 14. f3 e3 15. Bc4 exd2 16. Bxf7 Ne7 17. Nxd2 Be3 18. Rh2 Rhf8 19. Be6+ Kb8 20. c4 Nc6 21.
Bd5 Nxe5 22. Ke2 Bxd2 23. Rd1 Bf4 24. Rf2 c6 25. Be4 Bxe4 26. fxe4 Rxd1 27. Kxd1 Nxg4 28.
Rg2 Ne3+ 0-1

[Event "Live Chess"]
[Site "Chess.com"]
[Date "2023.05.20"]
[Round "-"]
[White "diana21strabt"]
[Black "maxwalden"]
[Result "1-0"]
[WhiteElo "1695"]
[BlackElo "1211"]
[TimeControl "300"]
[EndTime "11:46:14 PDT"]
[Termination "diana21strabt won by resignation"]

1. e4 c5 2. Nf3 d6 3. d4 cxd4 4. Nxd4 Nf6 5. Nc3 g6 6. Be3 a6 7. Bc4 b5 8. Bb3 Bb7 9. f3 Nc6 10. O-O Bg7 11. Nxc6 Bxc6 12. Bd5 Nxd5 13. exd5 Bd7 14.
Bd4 Bxd4+ 15. Qxd4 O-O 16. f4 Qc7 17. f5 Bxf5 18.
Rxf5 gxf5 19. Qh4 Qc5+ 20. Kh1 Kh8 21. Qxe7 Rae8 22. Qf6+ Kg8 23. Qxf5 Re5 24. Qg4+ Kh8 25. Rd1 b4 26. Ne4 Qxc2 27. Nxd6 Qe2 28. Qd4 Qe1+ 29.
Rxe1 1-0

[Event "Live Chess"]
[Site "Chess.com"]
[Date "2023.05.20"]
[Round "-"]
[White "mattihelenius2"]
[Black "domrobson"]
[Result "0-1"]
[WhiteElo "490"]
[BlackElo "1746"]
[TimeControl "300"]
[EndTime "11:46:16 PDT"]
[Termination "domrobson won by checkmate"]

1. d4 e5 2. e4 exd4 3. Qxd4 Nc6 4. Qd1 Nf6 5. Bb5 Nxe4 6. Qe2 Qe7 7. Bxc6 dxc6 8. Nc3 Nxc3 9. Qxe7+ Bxe7 10. bxc3 O-O 11.
Nf3 Bf6 12. O-O Bxc3 13. Rb1 b5 14. Bd2 Bxd2 15. Nxd2 Be6 16. Rbe1 Bxa2 17. Ne4 Bc4 18. Nc5 Bxf1 19. Rxf1 a5 20. Nd7 Rfd8 21. Ne5 f6 22.
Nxc6 Rd2 23. Ne7+ Kf7 24. Nf5 Rxc2 25. Nd4 Rc5 26. Re1 a4 27. Re6 Rc1+ 28. Re1 Rxe1# 0-1

[Event "Live Chess"]
[Site "Chess.com"]
[Date "2023.05.20"]
[Round "-"]
[White "ameetghasi100"]
[Black "onemoretime1975"]
[Result "1/2-1/2"]
[WhiteElo "2704"]
[BlackElo "1931"]
[TimeControl "300"]
[EndTime "11:46:17 PDT"]
[Termination "Game drawn - timeout vs insufficient material"]

1. d4 d5 2. c3 Nf6 3. Nf3 c6 4. Bg5 Nbd7 5. Nbd2 e6 6. e4 Be7 7. e5 Ng8 8. h4 h6 9. Be3 c5 10. Bd3 cxd4 11. cxd4 Nb6 12. Rc1 Bd7 13. Qe2 a6 14. g3 Bb4 15. O-O Bxd2 16. Bxd2 Ne7 17.
Nh2 O-O 18. Qg4 f5 19. exf6 Rxf6 20. Qe2 Nf5 21. Ng4 Nxd4 22. Qe3 Nf3+ 23. Kh1 d4 24. Nxf6+ Qxf6 25. Qf4 Qxf4 26. Bxf4 Bc6 27. Be4 Bxe4 28. Bc7 Nd2+ 29. Kg1 Nxf1 30. Bxb6 Nd2 31. Rc7 Nf3+ 32. Kf1 Bc6 33. Ke2 Rf8 34. Bc5 Rf7 35. Rc8+ Kh7 36.
Rd8 g6 37. Bxd4 Nxd4+ 38. Rxd4 Bd5 39. b3 Rc7 40. Rd2 Kg7 41. Ke3 b5 42. Kd4 Kf6 43.
Re2 Rc1 44. Kd3 Ra1 45. Kc3 Rc1+ 46. Kb4 Rc6 47. Ka5 e5 48. Rd2 Ke6 49. Re2 e4 50. f3 Ke5 51. fxe4 Bxe4 52. Rd2 Rd6 53.
Rxd6 Kxd6 54. Kxa6 Bd3 55. Kb6 Ke5 56. Kc5 Ke4 57.
Kd6 Bf1 58. Ke6 Kf3 59. Kf6 Kxg3 60. Kxg6 Kxh4 61. Kxh6 Kg3 62. Kg5 Kf3 63. Kf6 Ke3 64.
Ke5 Kd3 65. Kd5 Kc3 66. Kc5 Kb2 67. b4 Kxa2 68. Kb6 Ka3 69. Ka5 Kb3 70. Kb6 Kxb4 71. Kc6 Kc4 72. Kd6 b4 73. Ke5 b3 74. Kf4 b2 75. Kg3 1/2-1/2

[Event "Live Chess"]
[Site "Chess.com"]
[Date "2023.05.20"]
[Round "-"]
[White "LL220284LL"]
[Black "ReceptiveCamel"]
[Result "1-0"]
[WhiteElo "2397"]
[BlackElo "626"]
[TimeControl "300"]
[EndTime "11:46:22 PDT"]
[Termination "LL220284LL won by checkmate"]

1. d4 d5 2. c4 dxc4 3. Nf3 Bf5 4. Nc3 Nc6 5. e4 Bg4 6. Be3 Bxf3 7. gxf3 e6 8. Bxc4 Bb4 9. Qb3 Bxc3+ 10. bxc3 Nf6 11. Qxb7 Rb8 12. Qxc6+ Qd7 13. Qxd7+ Nxd7 14. Bb3 O-O 15. Kd2 Rxb3 16. axb3 Rb8 17. b4 a5 18. Rxa5 Nb6 19.
Kd3 c5 20. bxc5 Nd7 21. Rha1 g6 22. Ra8 Rxa8 23. Rxa8+ Kg7 24. c6 Nb6 25. c7 Nxa8 26.
c8=Q Nb6 27. Qc7 Na4 28. Qe5+ f6 29. Qc7+ Kh8 30. Bh6 Nb2+ 31. Kc2 Na4 32. Qg7# 1-0

[Event "Live Chess"]
[Site "Chess.com"]
[Date "2023.05.20"]
[Round "-"]
[White "Driftboard"]
[Black "JohanKjeldahl"]
[Result "0-1"]
[WhiteElo "688"]
[BlackElo "1802"]
[TimeControl "300"]
[EndTime "11:46:27 PDT"]
[Termination "JohanKjeldahl won by checkmate"]

1. e4 c5 2. Nf3 e6 3. Nc3 Nc6 4. Bb5 Nge7 5. Bxc6 Nxc6 6. d3 a6 7. O-O b5 8. Be3 Bb7 9. a3 Qc7 10. h3 Be7 11. b4 cxb4 12. axb4 Bxb4 13. Na2 Be7 14. d4 O-O 15. d5 Nd8 16. e5 Bxd5 17. Nd4 d6 18. exd6 Bxd6 19. Qd2 Rc8 20. Bf4 Bxf4 21.
Qd3 Bc4 22. Qe4 Bxf1 23. Rxf1 Qe5 24. Qxe5 Bxe5 25. Nf3 Bf6 26. Nb4 a5 27. Nd3 Rxc2 28.
Nfe5 Bxe5 29. Nxe5 Nb7 30. Nd7 Rd8 31. Ne5 a4 32.
Nf3 b4 33. Ne1 Rc1 34. Nf3 Rdd1 35. Nh2 Rxf1+ 36. Nxf1 a3 37. f3 a2 38. Kf2 Rxf1+ 39. Kxf1 a1=Q+ 40. Kf2 b3 41. Kg3 b2 42. Kg4 b1=Q 43.
g3 Qg6+ 44. Kf4 Qc1+ 45. Ke5 Qc5+ 46. Kf4 Qgf5# 0-1

[Event "Live Chess"]
[Site "Chess.com"]
[Date "2023.05.20"]
[Round "-"]
[White "ramses-IIG"]
[Black "LiamBellwood"]
[Result "0-1"]
[WhiteElo "797"]
[BlackElo "2091"]
[TimeControl "300"]
[EndTime "11:46:28 PDT"]
[Termination "LiamBellwood won by resignation"]

1. e4 e6 2. Nf3 d5 3. e5 c5 4.
d4 Nc6 5. dxc5 Bxc5 6. Qd3 Nge7 7. Be3 Qb6 8. b3 Bxe3 9. fxe3 Nf5 10. e4 Nb4 11.
Qe2 dxe4 12. Qxe4 Bd7 13. c3 Nd5 14. Bc4 Bc6 15. Qg4 Nde3 16. Qf4 Nxg2+ 0-1

[Event "Live Chess"]
[Site "Chess.com"]
[Date "2023.05.20"]
[Round "-"]
[White "djw60"]
[Black "Missedidea"]
[Result "1-0"]
[WhiteElo "2113"]
[BlackElo "1716"]
[TimeControl "300"]
[EndTime "11:46:30 PDT"]
[Termination "djw60 won by resignation"]

1. g3 Nf6 2. Bg2 g6 3. Nf3 Bg7 4. O-O O-O 5. d4 d6 6. c4 Nc6 7. b3 Nd7 8. Bb2 e5 9. e3 e4 10.
Nfd2 f5 11. f3 exf3 12. Nxf3 Qe7 13. Qe2 Re8 14. Re1 Nf6 15. Nc3 Ng4 16. Nd5 Qf7 17. Ng5 Qf8 18. h3 Nxe3 19. Nxe3 Nxd4 20. Qd2 h6 21. Bxd4 hxg5 22. Bd5+ Be6 23. Bxg7 Qxg7 24. Rad1 c6 25. Nxf5 gxf5 26. Bxe6+ Kh8 27. Bxf5 Re5 28. Rxe5 Qxe5 29. Qd4 Rf8 30. Qxe5+ dxe5 31. g4 Rf7 32. Kf2 Kg7 33. Ke3 Re7 34. Ke4 b5 35. c5 a5 36. Rd6 a4 37. Rxc6 axb3 38. axb3 Ra7 39. Rb6 Ra5 40. b4 Ra3 41. Rxb5 Rxh3 42. c6 Rc3 43. Rc5 Rb3 44. c7 Rxb4+ 45. Kxe5 1-0

[Event "Live Chess"]
[Site "Chess.com"]
[Date "2023.05.20"]
[Round "-"]
[White "DerbyKnight"]
[Black "bristolunichess"]
[Result "1/2-1/2"]
[WhiteElo "1649"]
[BlackElo "1804"]
[TimeControl "300"]
[EndTime "11:46:45 PDT"]
[Termination "Game drawn by repetition"]

1. e4 e6 2. d4 d5 3. exd5 exd5 4. Nf3 Bd6 5. Bd3 Ne7 6. c4 dxc4 7. Bxc4 O-O 8. O-O Bg4 9. Bg5 Nd7 10. Nbd2 Nb6 11.
Bb3 c6 12. Qc2 Nbd5 13. Ne5 Qc7 14. Nxg4 f6 15. Be3 Kh8 16. Bxd5 Nxd5 17. Qf5 g6 18. Qf3 f5 19. Nh6 f4 20. Qh3 fxe3 21. fxe3 Qe7 22. Rae1 Rxf1+ 23. Rxf1 Qxe3+ 24. Qxe3 Nxe3 25.
Rf7 Rf8 26. Rxb7 Bf4 27. Nf7+ Kg8 28. Ne5 Nc2 29. Ndf3 Be3+ 30. Kf1 Nxd4 31. Rxa7 g5 32. Nd7 Nxf3 33. Nxf8 Nd2+ 34. Ke2 Bxa7 35. Kxd2 Kxf8 36.
Kd3 Ke7 37. Kc4 Kd6 38. h3 h5 39. g4 hxg4 40. hxg4 Be3 41. b4 Kc7 42. a4 Kb6 43.
Kd3 Bf4 44. Kc4 Kc7 45. a5 Kb7 46. b5 cxb5+ 47. Kxb5 Be3 48. a6+ Ka7 49. Ka5 Bb6+ 50. Kb5 Bd4 51. Ka5 Bb6+ 52. Kb5 Bc7 53. Kc6 Bb6 54. Kb5 1/2-1/2

[Event "Live Chess"]
[Site "Chess.com"]
[Date "2023.05.20"]
[Round "-"]
[White "CocheseUK"]
[Black "f4nomore"]
[Result "0-1"]
[WhiteElo "1062"]
[BlackElo "1370"]
[TimeControl "300"]
[EndTime "11:46:45 PDT"]
[Termination "f4nomore won on time"]

1. e4 d6 2. d4 g6 3. c4 Bg7 4. Nc3 Nf6 5. Be3 O-O 6. Nf3 Nbd7 7. Be2 Ng4 8. Bf4 e5 9. dxe5 dxe5 10. Bg3 c6 11. h3 Nh6 12. Ng5 Qxg5 13. O-O Nb6 14.
c5 Nd7 15. b4 b6 16. cxb6 Nxb6 17. a4 Be6 18. Qd6 Rfd8 19. Qc5 Bf8 20. Qe3 Qxe3 21. fxe3 Bg7 22. Rfd1 Rxd1+ 23. Rxd1 Nc4 24. Bxc4 Bxc4 25. Rd6 Rc8 26. Nd1 Bf8 27. Rd7 Bxb4 28. Bxe5 a5 29. Bf4 Be6 30. Rd3 Bf8 31. Rc3 Bg7 32. Rc5 Bf8 33. Rxa5 Kh8 34. Be5+ Bg7 35. Bxg7+ Kxg7 36. Rc5 Ng8 37. a5 Ne7 38. a6 Rc7 39. Ra5 Ra7 40. Nf2 Bc4 41. Ng4 Rxa6 42. Rxa6 Bxa6 43. Ne5 c5 0-1

[Event "Live Chess"]
[Site "Chess.com"]
[Date "2023.05.20"]
[Round "-"]
[White "wadsy27"]
[Black "McSlash1"]
[Result "1-0"]
[WhiteElo "2583"]
[BlackElo "2053"]
[TimeControl "300"]
[EndTime "11:46:53 PDT"]
[Termination "wadsy27 won by resignation"]

1. d4 Nf6 2. Bf4 g6 3. e3 Bg7 4. Nf3 O-O 5. Be2 c5 6. c3 cxd4 7. exd4 d5 8. h3 Ne4 9. O-O Nd7 10. Nbd2 Ndf6 11. Nxe4 Nxe4 12. Qb3 b6 13. a4 Bb7 14. a5 f6 15. Nd2 Nxd2 16. Bxd2 e5 17. Bf3 e4 18.
Bxe4 f5 19. Bf3 Kh8 20. Rfe1 Qd7 21. Bg5 h6 22. Re7 Qc6 23. Bf4 Rac8 24. Rae1 g5 25.
R1e6 Qc4 26. Qxc4 dxc4 27. Be5 Bxe5 28. Rxh6+ Kg8 29. Bxb7 Rb8 30. Bd5+ 1-0

[Event "Live Chess"]
[Site "Chess.com"]
[Date "2023.05.20"]
[Round "-"]
[White "GEMdzq"]
[Black "MrDodgy"]
[Result "1-0"]
[WhiteElo "2237"]
[BlackElo "2294"]
[TimeControl "300"]
[EndTime "11:47:00 PDT"]
[Termination "GEMdzq won by resignation"]

1. e4 e6 2. d4 d5 3. Nc3 Nf6 4.
Bg5 dxe4 5. Nxe4 Be7 6. Bxf6 gxf6 7. Nf3 c5 8. Bb5+ Nc6 9. O-O cxd4 10. Nxd4 Bd7 11. Nxc6 bxc6 12. Bc4 Qa5 13. Nd6+ Bxd6 14.
Qxd6 Qe5 15. Qd2 Rd8 16. Rfe1 Qc5 17. Qf4 Ke7 18. Bb3 Rhg8 19. Rad1 Rg5 20. Qd4 Qxd4 21.
Rxd4 Bc8 22. Red1 Rxd4 23. Rxd4 Re5 24. Kf1 Ba6+ 25. c4 Rc5 26. Ke2 f5 27. Rh4 e5 28.
Kd3 Rd5+ 29. Kc3 Rd8 30. Rxh7 Rg8 31. g3 c5 32. Bc2 Ke6 33. Rh6+ f6 34. h4 Rg7 35.
Rh5 f4 36. g4 Bb7 37. Bf5+ Ke7 38. g5 fxg5 39. hxg5 Rf7 40. Bg6 Rg7 41. Bc2 Bc6 42. g6 Be8 43. Rxe5+ Kd6 44. Rd5+ 1-0

[Event "Live Chess"]
[Site "Chess.com"]
[Date "2023.05.20"]
[Round "-"]
[White "raminguy"]
[Black "wot-not"]
[Result "1-0"]
[WhiteElo "1983"]
[BlackElo "1468"]
[TimeControl "300"]
[EndTime "11:47:04 PDT"]
[Termination "raminguy won by resignation"]

1. d4 Nf6 2. Nc3 d6 3. e4 Bg4 4. f3 Bh5 5. h4 h6 6. Be3 Nbd7 7.
Qd2 e5 8. O-O-O Be7 9. Nge2 O-O 10. g4 Bg6 11. h5 Bh7 12. g5 hxg5 13. Bxg5 Ne8 14. Bxe7 Qxe7 15. Bh3 Rd8 16. Rdg1 Nef6 17. Qh6 g6 18. hxg6 Bxg6 19. Bxd7 1-0

[Event "Live Chess"]
[Site "Chess.com"]
[Date "2023.05.20"]
[Round "-"]
[White "jennybobby44"]
[Black "Davidagye"]
[Result "1-0"]
[WhiteElo "1876"]
[BlackElo "1672"]
[TimeControl "300"]
[EndTime "11:47:12 PDT"]
[Termination "jennybobby44 won by checkmate"]

1. Nf3 d5 2. g3 Nf6 3. Bg2 e6 4. O-O c5 5. d3 b5 6. Nbd2 Nc6 7. c3 Bd7 8. e4 Be7 9. e5 Ng8 10. d4 c4 11. Re1 a5 12. h4 b4 13. Nf1 Rb8 14. Ng5 h6 15. Nh3 b3 16. a3 Nb4 17.
axb4 axb4 18. Bd2 bxc3 19. Bxc3 Bb4 20. Qd2 Bxc3 21. Qxc3 Ne7 22. Ne3 Nc6 23. f4 Nb4 24. Rad1 Nd3 25. Rxd3 cxd3 26. Qxd3 Bb5 27. Qd2 Bc4 28.
f5 O-O 29. Nxc4 dxc4 30. f6 g6 31. Qxh6 Qxd4+ 32. Kh2 Qxb2 33. Qg7# 1-0

[Event "Live Chess"]
[Site "Chess.com"]
[Date "2023.05.20"]
[Round "-"]
[White "ElectricFalcon"]
[Black "mliszewski"]
[Result "0-1"]
[WhiteElo "1066"]
[BlackElo "1885"]
[TimeControl "300"]
[EndTime "11:47:23 PDT"]
[Termination "mliszewski won by resignation"]

1. d4 d5 2. c4 e5 3. Nf3 e4 4. Nfd2 c6 5. cxd5 cxd5 6. Nc3 Nf6 7. e3 Be7 8. Bb5+ Nc6 9. O-O O-O 10. Qa4 Bd7 11. Qb3 Rb8 12. Nxd5 Nxd5 13. Qxd5 a6 14.
Be2 Nb4 15. Qxe4 Bc6 16. Qg4 Qd6 17. Ne4 Qh6 18. a3 Nd5 19. Bd3 f5 20. Qf3 fxe4 21. Qxe4 Nf4 22. Qxe7 Nxd3 23. Bd2 Qg6 24. e4 Bxe4 25.
Qxe4 Qxe4 26. Be3 Rf6 27. Rad1 Rg6 28. g3 h5 29. h4 Nxb2 30. Rde1 Qxh4 31. Bf4 Qxf4 32.
Kh2 Qxd4 33. Re3 Rf8 34. Rfe1 Rxf2+ 0-1

[Event "Live Chess"]
[Site "Chess.com"]
[Date "2023.05.20"]
[Round "-"]
[White "MartinWalker4"]
[Black "chessfiction"]
[Result "0-1"]
[WhiteElo "2081"]
[BlackElo "2403"]
[TimeControl "300"]
[EndTime "11:47:26 PDT"]
[Termination "chessfiction won on time"]

1. e4 e6 2. d4 d5 3. Nd2 c5 4.
exd5 exd5 5. Bb5+ Nc6 6. Qe2+ Be6 7. Ngf3 Nf6 8. Ne5 Qb6 9. dxc5 Bxc5 10. O-O O-O 11.
Bxc6 bxc6 12. Nb3 Bd6 13. Nd3 Rfe8 14. Qf3 Ne4 15. Be3 Qc7 16. Bf4 c5 17. Bxd6 Qxd6 18. Nf4 c4 19. Nd4 Nd2 20. Qg3 Nxf1 21. Rxf1 Kh8 22.
c3 Rab8 23. Ng6+ hxg6 24. Qxd6 Rxb2 25. Re1 Rxa2 26. h3 a5 27. Nxe6 fxe6 28. Rxe6 Rxe6 29. Qxe6 Rd2 30. Qa6 Rd3 31. Qxa5 Kh7 32. Kh2 Rd2 33. Kg3 Rd3+ 34. f3 Rd2 35. Qb6 Rd3 36. Qb2 Re3 37. Qc2 Rd3 38. Qxd3 cxd3 39. Kf2 Kh6 40. Ke3 d2 41. Kxd2 Kg5 42. Kd3 Kf4 43. Kd4 Kg3 44. Kxd5 Kxg2 45. c4 Kxf3 46. c5 g5 47. c6 g4 48. c7 gxh3 49. c8=Q h2 50. Qh3+ Kf4 51. Qxh2+ Kf5 52. Qh4 g5 53. Qg3 g4 54.
Qe5+ Kg6 55. Ke6 g3 56. Qf5+ Kh6 57. Qg4 g2 0-1

[Event "Live Chess"]
[Site "Chess.com"]
[Date "2023.05.20"]
[Round "-"]
[White "jameskwong"]
[Black "Supertromp"]
[Result "0-1"]
[WhiteElo "2141"]
[BlackElo "2195"]
[TimeControl "300"]
[EndTime "11:47:27 PDT"]
[Termination "Supertromp won by resignation"]

1. d4 Nf6 2. c4 g6 3. Nc3 Bg7 4. e4 d6 5. Nf3 O-O 6. Be2 Na6 7.
O-O e5 8. Re1 exd4 9. Nxd4 Nc5 10. f3 Nh5 11. Be3 Qh4 12. Rc1 Be5 13. f4 Bxf4 14.
Bxf4 Nxf4 15. Bf3 Ncd3 16. g3 Qg5 17. Kh1 Nf2+ 0-1

[Event "Live Chess"]
[Site "Chess.com"]
[Date "2023.05.20"]
[Round "-"]
[White "gmnorfolk"]
[Black "rideuv21"]
[Result "0-1"]
[WhiteElo "2086"]
[BlackElo "1835"]
[TimeControl "300"]
[EndTime "11:47:28 PDT"]
[Termination "rideuv21 won by resignation"]

1. d4 c5 2. d5 Nf6 3. Nc3 g6 4. e4 d6 5. Nf3 Bg7 6. Bc4 O-O 7. O-O b5 8. Bxb5 Ba6 9. Bxa6 Nxa6 10. Qe2 Qa5 11.
Nd2 Rab8 12. Nc4 Qc7 13. Bd2 Nd7 14. f4 Nb6 15. Na5 c4 16. Nc6 Rbc8 17. a4 Nb8 18. a5 Nxc6 19. axb6 Qxb6+ 20. Be3 Bd4 21. Bxd4 Qxd4+ 22. Qf2 Qxf2+ 23. Rxf2 Nd4 24. Rxa7 Rb8 25. Rxe7 Rxb2 26.
Rd7 Ra8 27. h3 Ra3 28. Ne2 Ra1+ 29. Kh2 Rxc2 30. Nxd4 Rxf2 31. e5 Rxf4 32. e6 Rxd4 33. Rd8+ Kg7 34. e7 Re1 35. e8=Q Rxe8 36. Rxe8 Rxd5 37. Rc8 Rc5 0-1

[Event "Live Chess"]
[Site "Chess.com"]
[Date "2023.05.20"]
[Round "-"]
[White "MarkLim1"]
[Black "thrithik"]
[Result "1-0"]
[WhiteElo "1620"]
[BlackElo "459"]
[TimeControl "300"]
[EndTime "11:47:49 PDT"]
[Termination "MarkLim1 won by checkmate"]

1. d4 a5 2. e4 b5 3. Bxb5 c6 4. Bc4 d5 5. exd5 e6 6. dxe6 fxe6 7. Qh5+ g6 8. Qf3 Nh6 9. Bxh6 Bxh6 10. c3 Bg5 11.
Nh3 Rf8 12. Qe2 e5 13. Qxe5+ Qe7 14. Nxg5 h6 15. Nf3 g5 16. O-O Rf7 17. Rc1 Rf6 18.
Nbd2 Re6 19. Bxe6 Bxe6 20. Re1 Na6 21. Qh8+ Kd7 22. Qxa8 Nc7 23. Ne5+ Kd6 24. Qxc6# 1-0

[Event "Live Chess"]
[Site "Chess.com"]
[Date "2023.05.20"]
[Round "-"]
[White "AdamOwls"]
[Black "olahgito"]
[Result "1-0"]
[WhiteElo "1930"]
[BlackElo "728"]
[TimeControl "300"]
[EndTime "11:48:00 PDT"]
[Termination "AdamOwls won by checkmate"]

1. e4 d5 2. exd5 Qxd5 3. Nc3 Qd8 4. d4 Nc6 5. Nf3 Bg4 6. Be2 Bxf3 7. Bxf3 Nxd4 8. O-O Nxf3+ 9. Qxf3 c6 10. Bf4 Nf6 11. Rfe1 e6 12. Rad1 Qc8 13. Be5 Be7 14. Ne4 Nxe4 15.
Rxe4 f6 16. Bc3 O-O 17. Qe3 e5 18. Qg3 Qf5 19. Rg4 g6 20. Rd2 Rad8 21. h4 Rxd2 22. Bxd2 Qxc2 23. Bh6 Rd8 24. a3 Qxb2 25. Rxg6+ hxg6 26. Qxg6+ Kh8 27. Qg7# 1-0

[Event "Live Chess"]
[Site "Chess.com"]
[Date "2023.05.20"]
[Round "-"]
[White "luckywookie"]
[Black "KGreenGator"]
[Result "0-1"]
[WhiteElo "744"]
[BlackElo "1761"]
[TimeControl "300"]
[EndTime "11:48:01 PDT"]
[Termination "KGreenGator won by checkmate"]

1. e4 c5 2. c3 Nc6 3. d4 cxd4 4. cxd4 d5 5. exd5 Qxd5 6. Nf3 Qd8 7. Nc3 e6 8. Bb5 Bd7 9. O-O Nf6 10. Re1 Be7 11.
Be3 a6 12. Bxc6 Bxc6 13. Rc1 h6 14. d5 exd5 15. Bd4 O-O 16. Ne5 Qd6 17. Nxc6 bxc6 18. Bxf6 Bxf6 19. Rc2 Rfe8 20. Rce2 Red8 21. Qd3 c5 22.
Nxd5 Qxd5 23. Qxd5 Rxd5 24. b3 Bc3 25. Rc1 Bb4 26.
Re7 Rad8 27. h3 c4 28. Rc7 cxb3 29. axb3 Bd6 30. R7c6 Bb8 31. Rxa6 Rd1+ 32. Rxd1 Rxd1# 0-1